 Dungeon Sprint DCSS version 0.26-a0-708-g17f3b190f9 (webtiles) character file.

Game seed: 17166588422082195201

639 olmar the Grappler (level 7, -6/78 HPs)
             Began as a Troll Monk on Oct 27, 2020.
             Was an Initiate of Gozag.
             Shot with an arrow by a centaur warrior (21 damage)
             ... in the Dungeon (Sprint I: "Red Sonja").
             The game lasted 00:02:49 (154 turns).

olmar the Grappler (Troll Monk)                      Turns: 154, Time: 00:02:49

Health: -6/78      AC:  6    Str: 22    XL:     7   Next: 26%
Magic:  6/6        EV: 14    Int:  6    God:    Gozag
Gold:   100        SH:  0    Dex: 12    Spells: 6/6 levels left

rFire    . . .     SeeInvis .     - Unarmed
rCold    . . .     Faith    .   (no shield)
rNeg     . . .     Spirit   .   a - +0 robe
rPois    .         Reflect  .   (helmet restricted)
rElec    .         Harm     .   (no cloak)
rCorr    .         Rampage  .   (gloves unavailable)
MR       .....     NoTele   +   (boots unavailable)
Stlth    ++........             (no amulet)
HPRegen  0.63/turn              (no ring)
MPRegen  0.10/turn              (no ring)

@: mighty, stab, very slightly contaminated, hasted, invisible, very quick
A: large, unfitting armour, claws 3, regeneration 1, shaggy fur 1, tough skin 3
a: Potion Petition, Call Merchant, Bribe Branch, Renounce Religion


You were in the Dungeon.
You worshipped Gozag.
Gozag was aware of your devotion.
You visited 1 branch You collected 452 gold pieces.
You paid 352 gold pieces to Gozag.

Inventory:

Armour
 a - a +0 robe (worn)
Scrolls
 f - a scroll of immolation {unknown}
 g - a scroll of blinking
 h - a scroll of fog {unknown}
Potions
 b - a potion of curing
 e - 2 potions of magic


   Skills:
 + Level 7.5 Fighting
 + Level 8.3 Dodging
 - Level 1.0 Stealth
 + Level 10.1 Unarmed Combat


You had 6 spell levels left.
You didn't know any spells.
Your spell library was empty.

Dungeon Overview and Level Annotations

Branches:
Dungeon (1/1)

Altars:
Cheibriados
Dithmenos
Elyvilon
Fedhas
Gozag
Hepliaklqana
Kikubaaqudgha
Makhleb
Nemelex Xobeh
Okawaru
Qazlal
Ru
Sif Muna
Trog
Uskayaw
Vehumet
Wu Jian
Xom
Yredelemnul
Zin
The Shining One
Jiyva
Lugonu

Shops:
D (


Innate Abilities, Weirdness & Mutations

You are too large for most types of armour.
You have claws for hands.
Your natural rate of healing is unusually fast.
You are covered in fur. (AC +1)
You have extremely tough skin. (AC +3)


Message History

The centaur warrior hits you!
* * * LOW HITPOINT WARNING * * *
You are very lightly contaminated with residual magic.
Found a scroll labeled GESITO FEMO.
Unknown command.
You closely miss the centaur warrior.
The centaur warrior shoots an arrow.
The arrow barely misses you. The centaur warrior closely misses you.
Unknown command.
Unknown command.
The helpless centaur warrior fails to defend itself.
You claw the centaur warrior!
The centaur warrior is moderately wounded.
Unknown command.
Unknown command.
The helpless centaur warrior fails to defend itself.
You mangle the centaur warrior!!
The centaur warrior is severely wounded.
The centaur warrior shoots an arrow.
The arrow hits you!!
You die...
Your body crumbles into a pile of gold.

######################
#<.#..').#.)'..#__#..+ $
#..').#..'..#..'^.'..# $
#..#####'#####'#__#### $
#..####..#...#(#### $
#..#__####..##@#§≈c $$
#..#_____##'#_c'§§§§
#⌠⌠#_.∩...'..._#c≈§§.#$$
####_..__##_.#'##'####
$$#_____###+#.# (/? $
####### ### ### $ $ $ $$
$$ $ $ $ $ $ $ $


You could see 2 centaur warriors.

Vanquished Creatures
  A slime creature (D)
  Sigmund (D)
  A yak (D)
  An ogre (D)
  A jelly (D)
  Ijyb (D)
6 creatures vanquished.

Notes
Turn   | Place    | Note
-------+----------+-------------------------------------------
     0 | D        | olmar the Troll Monk began the quest for the Orb.
     0 | D        | Reached XP level 1. HP: 22/22 MP: 0/0
     1 | D        | Noticed Ijyb
     8 | D        | Killed Ijyb
     8 | D        | Reached skill level 4 in Unarmed Combat
     8 | D        | Reached XP level 2. HP: 31/31 MP: 1/1
    11 | D        | Noticed an ogre
    18 | D        | Killed an ogre
    18 | D        | Reached skill level 5 in Dodging
    18 | D        | Reached skill level 6 in Unarmed Combat
    18 | D        | Reached XP level 3. HP: 40/41 MP: 2/2
    18 | D        | Reached XP level 4. HP: 48/49 MP: 3/3
    42 | D        | Noticed Sigmund
    46 | D        | Killed Sigmund
    46 | D        | Reached skill level 7 in Unarmed Combat
    46 | D        | Reached XP level 5. HP: 53/59 MP: 4/4
    46 | D        | Reached XP level 6. HP: 60/67 MP: 5/5
    58 | D        | Found an ornate altar of the Wu Jian Council.
    58 | D        | Found a shimmering blue altar of Sif Muna.
    60 | D        | Found a radiant altar of Vehumet.
    67 | D        | Reached skill level 8 in Unarmed Combat
    90 | D        | Found Jiuc's Antique Weapon Emporium.
    90 | D        | Found an ancient bone altar of Kikubaaqudgha.
    90 | D        | Found a hazy altar of Hepliaklqana.
    90 | D        | Found a hide-covered altar of Uskayaw.
    90 | D        | Found a basalt altar of Yredelemnul.
    90 | D        | Found an opulent altar of Gozag.
    90 | D        | Found a snail-covered altar of Cheibriados.
    90 | D        | Found a sacrificial altar of Ru.
    90 | D        | Found a shadowy altar of Dithmenos.
    90 | D        | Noticed a yak
    96 | D        | Killed a yak
    96 | D        | Reached skill level 9 in Unarmed Combat
    97 | D        | Found a stormy altar of Qazlal.
    97 | D        | Found a blossoming altar of Fedhas.
    97 | D        | Found a bloodstained altar of Trog.
    97 | D        | Found an iron altar of Okawaru.
    97 | D        | Found a glowing golden altar of the Shining One.
    97 | D        | Found a glowing silver altar of Zin.
    97 | D        | Found a white marble altar of Elyvilon.
    98 | D        | Found a sparkling altar of Nemelex Xobeh.
   101 | D        | Became a worshipper of Gozag Ym Sagoz the Greedy
   114 | D        | Found a viscous altar of Jiyva.
   114 | D        | Found a corrupted altar of Lugonu.
   114 | D        | Noticed a slime creature
   115 | D        | Found a burning altar of Makhleb.
   115 | D        | Found a shimmering altar of Xom.
   122 | D        | Killed a slime creature
   122 | D        | Reached skill level 10 in Unarmed Combat
   122 | D        | Reached XP level 7. HP: 36/78 MP: 6/6
   144 | D        | Noticed a centaur warrior
   145 | D        | Noticed a centaur warrior
   154 | D        | Shot with an arrow by a centaur warrior

Illustrated notes

Levels and vault maps discovered:
D:        dungeon_sprint_1 [red_sonja_temple_1, red_sonja_temple_small_1]

Skill      XL: |  1  2  3  4  5  6 |
---------------+-------------------+-----
Fighting       | 3 4 6 7 |  7.5
Dodging        | 3 5 6 8 |  8.3
Unarmed Combat | 4 6 7 10 | 10.1
Stealth        | |  1.0

Action                   |  1- 3 |  4- 6 |  7- 9 || total
-------------------------+-------+-------+-------++-------
Melee: Unarmed           |    11 |    19 |     3 ||    33
       Punch             |       |     1 |       ||     1
Invok: Potion Petition   |       |       |     1 ||     1
  Use: Potion            |     1 |       |     2 ||     3
 Stab: Sleeping          |       |     1 |     2 ||     3
Armor: Robe              |     3 |     2 |     1 ||     6
Dodge: Dodged            |     4 |     5 |     2 ||    11

Table legend: (Time is in decaauts)
 A = Elapsed time spent in this place.
 B = Non-inter-level travel time spent in this place.
 C = Inter-level travel time spent in this place.
 D = Time resting spent in this place.
 E = Time spent auto-exploring this place.
 F = Levels seen in this place.
 G = Mean time per level.
                   A        B        C        D        E       F      G
               +--------+--------+--------+--------+--------+-----+--------+
         Total |    155 |    136 |     19 |     18 |      0 |   1 |  155.0 |
       Dungeon |    155 |    136 |     19 |     18 |      0 |   1 |  155.0 |
               +--------+--------+--------+--------+--------+-----+--------+

Top non-repeatable levels by time:
       D: 155 daAuts
